 Dungeon Crawl Stone Soup version 0.29.0-4-gdea44cf6ec (webtiles) character file.

Game seed: 7640862263437267917

464 qw the Chopper (level 7, -4/40 HPs)
             Began as a Tengu Warper on Aug 28, 2022.
             Slain by a water moccasin (7 damage)
             ... on level 4 of the Dungeon.
             The game lasted 00:00:21 (3640 turns).

qw the Chopper (Tengu Warper)                       Turns: 3640, Time: 00:00:21

Health: -4/40      AC: 11    Str: 13    XL:     7   Next: 7%
Magic:  11/11      EV:  1    Int: 14    God:
Gold:   158        SH: 18    Dex: 13    Spells: 10/10 levels left

rFire   . . .      SeeInvis .   Y - +0 war axe
rCold   . . .      Faith    .   e - +0 tower shield
rNeg    . . .      Spirit   .   k - +0 plate armour
rPois   .          Reflect  +   (helmet restricted)
rElec   .          Harm     .   (no cloak)
rCorr   .          Rampage  .   (no gloves)
Will    .....                   (boots unavailable)
Stlth   ..........              b - amulet of reflection
HPRegen 0.13/turn               (no ring)
MPRegen 0.12/turn               (no ring)

@: lethally poisoned (-4 -> -29), flying quickly and evasively, quick
A: beak, talons 3, nimble flight
a: no special abilities


You were on level 4 of the Dungeon.
You visited 1 branch of the dungeon, and saw 4 of its levels.

You collected 158 gold pieces.


Innate Abilities, Weirdness & Mutations

You have a beak for a mouth.
You have claws for feet.
Your magical nature lets you fly swiftly and evasively.


   Skills:
 - Level 2.0 Fighting
 - Level 5.3 Axes
 - Level 1.0 Throwing
 - Level 2.3 Armour
 - Level 2.1 Dodging
 + Level 5.0 Shields
 - Level 2.0 Spellcasting
 - Level 2.4 Translocations


You had 10 spell levels left.
You didn't know any spells.
Your spell library contained the following spells:

 Spells                   Type           Power      Damage    Failure   Level
 Blink                    Tloc           16%        N/A       100%        2
 Gell's Gravitas          Tloc           8%         N/A       100%        3
 Lesser Beckoning         Tloc           8%         N/A       100%        3
 Teleport Other           Tloc           8%         N/A       100%        3
 Manifold Assault         Tloc           8%         N/A       100%        5

Inventory:

Hand Weapons
 c - a +0 morningstar
 Y - a +0 war axe (weapon)
Missiles
 i - 2 boomerangs (quivered)
Armour
 e - a +0 tower shield (worn)
 k - a +0 plate armour (worn)
Jewellery
 b - an amulet of reflection (around neck)
Scrolls
 a - a scroll of identify
 g - a scroll of fear {unknown}
 m - a scroll of butterflies {unknown}
 p - a scroll of poison {unknown}
Potions
 d - a potion of resistance
 f - a potion of haste
 h - a potion of brilliance {unknown}
 j - a potion of curing
 l - a potion of degeneration {unknown}
 n - a potion of might {unknown}
 o - 2 potions of heal wounds

Dungeon Overview and Level Annotations

Branches:
Dungeon (4/15)
 Temple: D:4-7

Altars:
Makhleb

Shops:
D:4 *


Message History

You barely miss the water moccasin.
You claw the water moccasin, but do no damage.
Your peck misses the water moccasin. You block the water moccasin's attack.
You hit the water moccasin.
You claw the water moccasin, but do no damage.
You peck the water moccasin.
The water moccasin is moderately wounded.
You closely miss the water moccasin.
The water moccasin bites you but does no damage.
The water moccasin bites you.
You are poisoned.
The water moccasin poisons you! You block the water moccasin's attack.
The water moccasin completely misses you.
The water moccasin barely misses you.
You barely miss the water moccasin. You claw the water moccasin.
Your peck misses the water moccasin.
The water moccasin is moderately wounded.
You hit the water moccasin.
You feel very sick. The water moccasin bites you.
You block the water moccasin's attack. x2
The water moccasin bites you.
You are more poisoned.
The water moccasin poisons you! You block the water moccasin's attack.
You closely miss the water moccasin. Your kick misses the water moccasin.
The water moccasin is moderately wounded.
You barely miss the water moccasin.
You feel extremely sick.
The water moccasin bites you but does no damage.
You block the water moccasin's attack. x2; The water moccasin bites you.
You are more poisoned.
The water moccasin poisons you!
You hit the water moccasin. You claw the water moccasin.
You peck the water moccasin.
The water moccasin is heavily wounded.
You hit the water moccasin.
You feel extremely sick.
The water moccasin bites you but does no damage.
You block the water moccasin's attack. The water moccasin bites you!
You die...

##.## ##.##.#)#
..## ##...#.#
##.## ##....#.#
##.###.#.#.#.###
####.#......#...##
....[.###.#.#.#..#
#####.# #.######.#
#.# #.##..S#S# #.#
#..+.\SS@# #.#
..#..S### #.# ###
#.# #.#


You could see 3 water moccasins and 2 adders.

Vanquished Creatures
  Sigmund (D:3)
  A necrophage (D:4)
  A howler monkey (D:2)
  Terence (D:3)
  Robin (D:3)
  9 gnolls (D:3)
  A worm (D:2)
  4 dart slugs
  9 ball pythons
  8 bats
  3 endoplasms
  15 goblins
  7 hobgoblins
  3 jackals (D:3)
  4 kobolds
  A quokka (D:3)
  A frilled lizard (D:3)
  9 rats
79 creatures vanquished.

Notes
Turn   | Place    | Note
-------+----------+-------------------------------------------
     0 | D:1      | qw the Tengu Warper began the quest for the Orb.
     0 | D:1      | Reached XP level 1. HP: 12/12 MP: 4/4
     0 | D:1      | 0 ||| qw: Version: 0.1-a-89-g26bdef1
     0 | D:1      | 0 ||| qw: Game counter: 367
     0 | D:1      | 0 ||| qw: Always use a shield: true
     0 | D:1      | 0 ||| qw: God list: Okawaru
     0 | D:1      | 0 ||| qw: Allow faded altars: false
     0 | D:1      | 0 ||| qw: Do Orc after D:15 true
     0 | D:1      | 0 ||| qw: Do second Lair branch before Depths: true
     0 | D:1      | 0 ||| qw: Lair rune preference: random
     0 | D:1      | 0 ||| qw: Plans: Normal
     0 | D:1      | 0 ||| PLANNING D:1-11
    84 | D:1      | Found a faded altar of an unknown god.
   133 | D:1      | 133 ||| UPGRADING to +0 tower shield.
   166 | D:1      | Reached skill level 1 in Shields
   290 | D:1      | Reached XP level 2. HP: 12/17 MP: 6/6
   321 | D:1      | 321 ||| Stepping ~*~*~tactically~*~*~ (stealth).
   406 | D:1      | 406 ||| Stepping ~*~*~tactically~*~*~ (hiding).
   508 | D:1      | 508 ||| Stepping ~*~*~tactically~*~*~ (hiding).
   947 | D:1      | 947 ||| UPGRADING to +0 scale mail.
   957 | D:1      | 957 ||| DROPPING +0 leather armour.
  1238 | D:1      | 1238 ||| UPGRADING to amulet of reflection.
  1243 | D:1      | 1243 ||| READING scroll labelled QELYNUSMESTI.
  1244 | D:1      | 1244 ||| READING scroll labelled LEASKY YNUISM.
  1249 | D:1      | 1249 ||| DROPPING scroll of blinking.
  1285 | D:2      | 1285 ||| STAIRDANCE
  1404 | D:2      | Reached XP level 3. HP: 21/21 MP: 7/7
  1432 | D:2      | 1432 ||| Stepping ~*~*~tactically~*~*~ (stealth).
  1446 | D:2      | Reached skill level 3 in Shields
  1446 | D:2      | Reached XP level 4. HP: 23/26 MP: 8/8
  1489 | D:2      | Found a burning altar of Makhleb.
  1535 | D:2      | 1535 ||| SWAPPING to +0 war axe.
  1539 | D:2      | 1539 ||| DROPPING +0 hand axe.
  2045 | D:2      | 2045 ||| DROPPING +6 ring of intelligence.
  2046 | D:2      | 2046 ||| DROPPING ring of flight.
  2047 | D:2      | 2047 ||| READING scroll labelled LOV GUOPREUQOO.
  2048 | D:2      | 2048 ||| DRINKING 2 purple potions.
  2118 | D:3      | 2118 ||| Stepping ~*~*~tactically~*~*~ (stealth).
  2125 | D:3      | Reached skill level 3 in Axes
  2148 | D:3      | 2148 ||| Stepping ~*~*~tactically~*~*~ (stealth).
  2151 | D:3      | 2151 ||| Stepping ~*~*~tactically~*~*~ (stealth).
  2209 | D:3      | 2209 ||| Stepping ~*~*~tactically~*~*~ (hiding).
  2219 | D:3      | 2219 ||| Stepping ~*~*~tactically~*~*~ (stealth).
  2220 | D:3      | 2220 ||| Stepping ~*~*~tactically~*~*~ (stealth).
  2232 | D:3      | 2232 ||| FLEEEEING.
  2233 | D:3      | 2233 ||| FLEEEEING.
  2234 | D:3      | 2234 ||| FLEEEEING.
  2235 | D:3      | 2235 ||| FLEEEEING.
  2238 | D:3      | 2238 ||| FLEEEEING.
  2240 | D:3      | 2240 ||| FLEEEEING.
  2241 | D:3      | 2241 ||| FLEEEEING.
  2242 | D:3      | 2242 ||| FLEEEEING.
  2245 | D:3      | 2245 ||| FLEEEEING.
  2246 | D:3      | 2246 ||| FLEEEEING.
  2247 | D:3      | 2247 ||| FLEEEEING.
  2248 | D:3      | 2248 ||| STAIRDANCE
  2306 | D:2      | 2306 ||| DRINKING 2 ruby potions.
  2307 | D:2      | 2307 ||| READING 2 scrolls of identify.
  2307 | D:2      | 2307 ||| IDENTIFYING fuming grey potion
  2323 | D:3      | 2323 ||| DROPPING +0 whip.
  2375 | D:3      | Noticed Terence
  2377 | D:3      | 2377 ||| Stepping ~*~*~tactically~*~*~ (stealth).
  2384 | D:3      | Killed Terence
  2385 | D:3      | Gained mutation: Your magical nature lets you fly swiftly
                  | and evasively. [Tengu growth]
  2385 | D:3      | Reached XP level 5. HP: 30/30 MP: 9/9
  2439 | D:3      | Noticed Sigmund
  2440 | D:3      | 2440 ||| Stepping ~*~*~tactically~*~*~ (hiding).
  2443 | D:3      | 2443 ||| Stepping ~*~*~tactically~*~*~ (hiding).
  2448 | D:3      | 2448 ||| DRINKING potion of curing.
  2448 | D:3      | 2448 ||| (to cure confusion)
  2454 | D:3      | Killed Sigmund
  2455 | D:3      | Reached XP level 6. HP: 20/35 MP: 10/10
  2677 | D:3      | Noticed Robin
  2678 | D:3      | 2678 ||| Stepping ~*~*~tactically~*~*~ (stealth).
  2683 | D:3      | 2683 ||| Stepping ~*~*~tactically~*~*~ (hiding).
  2702 | D:3      | Killed Robin
  2799 | D:3      | 2799 ||| Stepping ~*~*~tactically~*~*~ (hiding).
  3103 | D:3      | 3103 ||| FLEEEEING.
  3289 | D:3      | Found a burning altar of Makhleb.
  3295 | D:3      | 3295 ||| UPGRADING to +0 plate armour.
  3305 | D:3      | 3305 ||| DROPPING +0 scale mail.
  3306 | D:3      | 3306 ||| DRINKING 2 metallic black potions.
  3341 | D:3      | 3341 ||| DRINKING 3 amethyst potions.
  3342 | D:3      | 3342 ||| DROPPING potion of lignification.
  3470 | D:4      | Reached XP level 7. HP: 31/40 MP: 11/11
  3635 | D:4      | Found Uluqa's Serpentskin Sales.
  3640 | D:4      | HP: 3/40 [poisoned by a water moccasin]
  3640 | D:4      | Slain by a water moccasin

Levels and vault maps discovered:
D:1:      wheals_arrival_linesprint, layout_loops_ring,
          ebering_ecumenical_altar_petrified, reono_crystal_passage,
          minmay_misc_feat_tiny
D:2:      layout_loops_cross, basic_altar, bh_walls_and_bars
D:3:      layout_basic, mainiacjoe_overflow_alcove_1, uniq_sigmund,
          uniq_terence, uniq_robin
D:4:      layout_loops_ring, mainiacjoe_overflow_tiny_flanked,
          gammafunk_temple_overflow_statue, serial_shops, shop,
          guppyfry_shop_venom

Skill      XL: |  1  2  3  4  5  6 |
---------------+-------------------+-----
Shields        | 1 2 3 4 5 |  5.0
Axes           | 3 5 |  5.3
Armour         | 2 |  2.3
Fighting       | |  2.0
Throwing       | |  1.0
Dodging        | |  2.1
Spellcasting   | |  2.0
Translocations | |  2.4

Action                   |  1- 3 |  4- 6 |  7- 9 || total
-------------------------+-------+-------+-------++-------
Melee: Hand axe          |    36 |     7 |       ||    43
       Kick              |     8 |    42 |     4 ||    54
       Peck              |     4 |    22 |     2 ||    28
       War axe           |       |   127 |     5 ||   132
Throw: Boomerang         |    20 |    27 |       ||    47
  Use: Scroll            |     2 |     2 |       ||     4
       Potion            |       |     5 |       ||     5
Armor: Leather armour    |    15 |       |       ||    15
       Scale mail        |     1 |    30 |       ||    31
       Plate armour      |       |     5 |     3 ||     8
Dodge: Dodged            |    12 |    25 |     2 ||    39
Block: Tower shield      |    26 |   128 |     8 ||   162
       Reflection        |       |     1 |       ||     1

Table legend:
 A = Non-vault XP
 B = Vault XP
 C = Vault XP percentage of total XP
 D = Non-vault monster count
 E = Vault monster count
 F = Vault count percentage of total count
                 A         B        C        D         E       F
            +---------+---------+-------+---------+---------+-------
      Total |     355 |     308 |  46.5 |      65 |      14 |  17.7
            +---------+---------+-------+---------+---------+-------
        D:1 |      31 |       0 |   0.0 |      18 |       0 |   0.0
        D:2 |      84 |       0 |   0.0 |      21 |       0 |   0.0
        D:3 |     156 |     308 |  66.4 |      23 |      14 |  37.8
        D:4 |      84 |       0 |   0.0 |       3 |       0 |   0.0
            +---------+---------+-------+---------+---------+-------
